 Dungeon Crawl Stone Soup version 0.29.0 (webtiles) character file.

Game seed: 10072714972016857280

1302 Dorkslayer the Cudgeller (level 8, 0/60 HPs)
             Began as a Demonspawn Fighter on Sept 15, 2022.
             Slain by a hornet zombie (4 damage)
             ... on level 5 of the Dungeon.
             The game lasted 00:18:35 (5251 turns).

Dorkslayer the Cudgeller (Demonspawn Fighter)       Turns: 5251, Time: 00:18:36

Health: 0/60       AC: 12    Str: 19    XL:     8   Next: 31%
Magic:  0/8        EV:  8    Int: 10    God:
Gold:   240        SH:  4    Dex: 12    Spells: 7/7 levels left

rFire   . . .      SeeInvis .   r - +2 flail (vorpal)
rCold   . . .      Faith    .   c - +0 buckler
rNeg    + . .      Spirit   +   e - +0 chain mail
rPois   .          Reflect  .   h - +0 helmet
rElec   .          Harm     .   (no cloak)
rCorr   .          Rampage  .   (no gloves)
Will    .....                   (no boots)
Stlth   ..........              (no amulet)
HPRegen 0.20/turn               s - ring of positive energy
MPRegen 0.22/turn               (no ring)

@: no status effects
A: claws 1, yellow scales 1, foul stench 1, magic shield, magic regeneration
a: no special abilities


You were on level 5 of the Dungeon.
You visited 1 branch of the dungeon, and saw 5 of its levels.

You collected 240 gold pieces.

Inventory:

Hand Weapons
 a - a +0 long sword
 r - a +2 vorpal flail (weapon)
Armour
 c - a +0 buckler (worn)
 e - a +0 chain mail (worn)
 h - a +0 helmet (worn)
Jewellery
 s - a ring of positive energy (left claw)
Wands
 p - a wand of flame (27)
Scrolls
 g - 2 scrolls of teleportation
 j - a scroll of amnesia {unknown}
 m - a scroll of fear {unknown}
 n - a scroll of noise {unknown}
 u - a scroll of fog {unknown}
 v - a scroll of vulnerability {unknown}
Potions
 d - a potion of might
 f - 3 potions of brilliance {unknown}
 i - a potion of haste
 k - a potion of mutation
 l - 2 potions of curing {unknown}
 o - a potion of cancellation {unknown}
 q - 2 potions of invisibility {unknown}
 t - a potion of lignification {unknown}


   Skills:
 + Level 4.1 Fighting
 + Level 3.6 Long Blades
 * Level 5.2 Maces & Flails
 + Level 4.6 Armour
 * Level 3.1 Dodging
 + Level 0.3 Stealth
 + Level 3.3 Shields
 * Level 2.7 Evocations


You had 7 spell levels left.
You didn't know any spells.
Your spell library contained the following spells:

 Spells                   Type           Power      Damage    Failure   Level
 Passage of Golubria      Tloc           0%         N/A       100%        4
 Silence                  Hex/Air        0%         N/A       100%        5
 Lehudib's Crystal Spear  Conj/Erth      0%         10d2      100%        8


Dungeon Overview and Level Annotations

Branches:
Dungeon (5/15)
 Temple: D:4-7

Altars:
Uskayaw
Vehumet

Shops:
D:2 =


Innate Abilities, Weirdness & Mutations

You have sharp fingernails.
You are partially covered in yellow scales. (AC +2)
You may rarely emit foul miasma when damaged in melee.
When hurt, damage is shared between your health and your magic reserves.
You regenerate magic rapidly.


Message History

The hornet zombie is almost destroyed.
The hornet zombie hits you. The hornet zombie barely misses you.
You completely miss the hornet zombie.
The hornet zombie is almost destroyed.
You block the hornet zombie's attack.
You closely miss the hornet zombie.
The hornet zombie is almost destroyed.
The hornet zombie barely misses you. The hornet zombie hits you!
You hit the hornet zombie but do no damage.
The hornet zombie is almost destroyed.
The hornet zombie barely misses you.
You closely miss the hornet zombie.
The hornet zombie is almost destroyed.
The hornet zombie hits you. x2
* * * LOW HITPOINT WARNING * * *
You hit the hornet zombie.
The hornet zombie is almost destroyed.
The hornet zombie barely misses you.
You hit the hornet zombie but do no damage.
The hornet zombie is almost destroyed.
The hornet zombie hits you but does no damage.
The hornet zombie hits you.
* * * LOW HITPOINT WARNING * * *
You hit the hornet zombie.
The hornet zombie is almost destroyed.
You block the hornet zombie's attack.
You hit the hornet zombie but do no damage.
The hornet zombie is almost destroyed.
The hornet zombie hits you.
* * * LOW HITPOINT WARNING * * *
The hornet zombie hits you.
* * * LOW HITPOINT WARNING * * *
You hit the hornet zombie.
The hornet zombie is almost destroyed.
The hornet zombie hits you.
* * * LOW HITPOINT WARNING * * *
You emit a cloud of foul miasma!
The hornet zombie attacks as you move away!
The hornet zombie hits you.
You die...

.. #>.# .. #..# §.
#..# ####§§. #..#
#[P.§§. #..#
#.~§~§P# #..#
#P.~~~§#######..#
#~~~~.~.Z@......#
#.~~~~.####.###.####
#......# #.# #....#
####.... #.###.##.#
##### #....###.#
#.#.## #.#
#.#.####.####
#.#.#.......#
#.#.#.##.##.#


You could see a hornet zombie.

Vanquished Creatures
  Grinder (D:3)
  2 ogres (D:5)
  A phantom (D:5)
  2 water moccasin zombies (D:5)
  3 electric eels (D:4)
  2 bullfrog zombies (D:5)
  A hound (D:4)
  A gnoll bouda (D:4)
  3 orc priests (D:4)
  A scorpion zombie (D:5)
  2 orc wizards
  4 hound zombies (D:5)
  A hound skeleton (D:5)
  A howler monkey zombie (D:5)
  17 gnolls
  An adder (D:3)
  A white imp (D:5)
  3 worms
  A dart slug (D:1)
  8 orcs
  A bat (D:2)
  6 endoplasms
  5 giant cockroaches
  8 goblins
  8 hobgoblins
  5 jackals
  A quokka (D:3)
  10 ball pythons
  A frilled lizard (D:2)
  7 kobolds
  4 rats
  A spectral kobold (D:1)
113 creatures vanquished.

Vanquished Creatures (others)
  11 plants
  2 withered plants (D:5)
13 creatures vanquished.

Grand Total: 126 creatures vanquished

Notes
Turn   | Place    | Note
-------+----------+-------------------------------------------
     0 | D:1      | Dorkslayer the Demonspawn Fighter began the quest for the
                  | Orb.
     0 | D:1      | Reached XP level 1. HP: 18/18 MP: 1/1
   441 | D:1      | Found a faded altar of an unknown god.
   449 | D:1      | Gained mutation: You regenerate magic rapidly. [demonic
                  | ancestry]
   449 | D:1      | Reached XP level 2. HP: 24/24 MP: 2/2
  1006 | D:1      | Reached skill level 1 in Dodging
  1283 | D:2      | Gained mutation: When hurt, damage is shared between your
                  | health and your magic reserves. [demonic ancestry]
  1283 | D:2      | Reached XP level 3. HP: 29/29 MP: 3/3
  1367 | D:2      | Found Icet's Jewellery Shop.
  2729 | D:3      | Gained mutation: You may rarely emit foul miasma when
                  | damaged in melee. [demonic ancestry]
  2729 | D:3      | Reached XP level 4. HP: 34/35 MP: 4/4
  3086 | D:3      | Noticed Grinder
  3107 | D:3      | Paralysed by Grinder for 5 turns
  3112 | D:3      | Killed Grinder
  3113 | D:3      | Reached skill level 1 in Maces & Flails
  3113 | D:3      | Reached skill level 1 in Evocations
  3113 | D:3      | Gained mutation: You are partially covered in yellow
                  | scales. (AC +2) [demonic ancestry]
  3113 | D:3      | Reached XP level 5. HP: 32/42 MP: 5/5
  3113 | D:3      | Reached XP level 6. HP: 37/48 MP: 6/6
  3744 | D:4      | Found a hide-covered altar of Uskayaw.
  3830 | D:4      | Found a transporter.
  3846 | D:4      | Found a transporter.
  4059 | D:4      | Gained mutation: You have sharp fingernails. [demonic
                  | ancestry]
  4059 | D:4      | Reached XP level 7. HP: 40/53 MP: 4/7
  4082 | D:4      | Reached skill level 2 in Maces & Flails
  4959 | D:5      | Entered Level 5 of the Dungeon
  4969 | D:5      | Reached skill level 3 in Maces & Flails
  5005 | D:5      | Reached skill level 4 in Maces & Flails
  5037 | D:5      | Found a radiant altar of Vehumet.
  5091 | D:5      | Reached XP level 8. HP: 60/60 MP: 8/8
  5220 | D:5      | Reached skill level 5 in Maces & Flails
  5251 | D:5      | Slain by a hornet zombie

Illustrated notes

Levels and vault maps discovered:
D:1:      nagdon_arrival_zigzag_paths, layout_basic,
          dreamdust_ecumenical_altar_drowned_temple, serial_bayou_ford_a,
          due_unseen_surprise
D:2:      minmay_angry_zag, layout_basic, serial_shops, shop,
          guppyfry_early_lair_pool
D:3:      layout_basic, serial_forest, infiniplex_forest_clump_curved,
          infiniplex_forest_straight_3, infiniplex_forest_clump_long,
          infiniplex_forest_clump_medium, infiniplex_forest_lined_3,
          infiniplex_forest_clump_curved, infiniplex_forest_clump_curved,
          infiniplex_forest_lined_1, uniq_grinder
D:4:      gammafunk_steamed_eel, layout_loops_ring, lemuel_doored_altar
D:5:      layout_loops_ring, nicolae_dithmenos_shadow_blocks,
          fiery_altar_vehumet, grunt_temple_overflow_diamond, serial_undead,
          serial_undead_a, serial_undead_f, serial_undead_f, serial_undead_a,
          serial_undead_e, serial_undead_c, kennysheep_generic_room_9

Skill      XL: |  1  2  3  4  5  6  7  8 |
---------------+-------------------------+-----
Long Blades    | 2 3 |  3.6
Dodging        | 1 2 3 |  3.1
Armour         | 3 4 |  4.6
Maces & Flails | 1 4 5 |  5.2
Shields        | 3 |  3.3
Evocations     | 1 2 |  2.7
Fighting       | 4 |  4.1
Stealth        | |  0.3

Action                   |  1- 3 |  4- 6 |  7- 9 || total
-------------------------+-------+-------+-------++-------
Melee: Long sword        |   170 |    38 |       ||   208
       Flail             |       |    42 |   186 ||   228
Evoke: Wand              |       |    20 |       ||    20
  Use: Scroll            |     6 |     1 |       ||     7
       Potion            |       |     2 |     3 ||     5
Armor: Chain mail        |    93 |    36 |    99 ||   228
       Scale mail        |     6 |       |       ||     6
Dodge: Dodged            |    65 |    22 |    83 ||   170
Block: Buckler           |    35 |    13 |    42 ||    90
